 Seeded DCSS version 0.29.1-1-gd02db6906a (webtiles) character file.

Game seed: 18446744073709551615 (custom seed)

160 GigaChad the Trooper (level 5, -9/50 HPs)
             Began as a Minotaur Fighter on Sept 19, 2022.
             Killed by nerve-wracking pain
             ... invoked by an orc priest
              (14 damage)
             ... on level 4 of the Dungeon.
             The game lasted 00:04:33 (3012 turns).

GigaChad the Trooper (Minotaur Fighter)             Turns: 3012, Time: 00:04:35

Health: -9/50      AC:  7    Str: 23    XL:     5   Next: 17%
Magic:  4/4        EV: 10    Int:  5    God:
Gold:   131        SH:  4    Dex:  9    Spells: 4/4 levels left

rFire   . . .      SeeInvis .   a - +0 long sword
rCold   . . .      Faith    .   c - +0 buckler
rNeg    . . .      Spirit   .   b - +0 scale mail
rPois   .          Reflect  .   (helmet restricted)
rElec   .          Harm     .   (no cloak)
rCorr   .          Rampage  .   (no gloves)
Will    .....                   (no boots)
Stlth   ..........              (no amulet)
HPRegen 0.16/turn               (no ring)
MPRegen 0.09/turn               (no ring)

@: no status effects
A: horns 2, retaliatory headbutt
a: no special abilities


You were on level 4 of the Dungeon.
You visited 1 branch of the dungeon, and saw 4 of its levels.

You collected 131 gold pieces.

Inventory:

Hand Weapons
 a - a +0 long sword (weapon)
 l - the +3 dagger "Wetunah" {vorpal, *Slow Int+3 SInv}
   (You found it on level 2 of the Dungeon)

   It inflicts extra damage upon your enemies.
   Int:       It affects your intelligence (+3).
   SInv:      It lets you see invisible.
   *Slow:     It may slow you when you take damage.
Armour
 b - a +0 scale mail (worn)
 c - a +0 buckler (worn)
Scrolls
 e - 3 scrolls of identify
 g - a scroll of magic mapping {unknown}
 h - 2 scrolls of noise
 j - a scroll of torment {unknown}
 n - a scroll of immolation {unknown}
 p - 4 scrolls of teleportation
 q - a scroll of enchant armour {unknown}
 r - a scroll of vulnerability {unknown}
 t - a scroll of fear {unknown}
Potions
 d - a potion of might
 f - 3 potions of degeneration {unknown}
 i - 3 potions of curing {unknown}
 k - a potion of haste {unknown}
 m - a potion of attraction {unknown}
 o - a potion of experience {unknown}
 s - a potion of cancellation {unknown}


   Skills:
 - Level 6.2 Fighting
 - Level 2.4 Long Blades
 - Level 3.9 Armour
 + Level 2.3 Dodging
 - Level 3.7 Shields


You had 4 spell levels left.
You didn't know any spells.
Your spell library contained the following spells:

 Spells                   Type           Power      Damage    Failure   Level
 Summon Guardian Golem    Hex/Summ       0%         N/A       99%         3
 Tukima's Dance           Hex            0%         N/A       99%         3
 Passage of Golubria      Tloc           0%         N/A       100%        4
 Yara's Violent Unravell  Hex/Tmut       0%         3d3       100%        5
 Orb of Destruction       Conj           0%         9d5       100%        7
 Spellforged Servitor     Conj/Summ      0%         N/A       100%        7


Dungeon Overview and Level Annotations

Branches:
Dungeon (4/15)
 Temple: D:4-7

Altars:
Nemelex Xobeh


Innate Abilities, Weirdness & Mutations

You have a pair of horns on your head.
You reflexively headbutt those who attack you in melee.


Message History

You kill the jackal!
p - 4 scrolls labelled CODDEMEVEN (gained 1)
As you read the scroll of identify, it crumbles to dust.
p - 4 scrolls of teleportation
t - a scroll labelled UMMEOP NOGIN An orc priest comes into view.
It is wielding a +0 club.
The orc priest shouts!
You hear a shout! x2
The orc priest looks encouraged for a moment.
Found a stone staircase leading down.
An orc comes into view. It is wielding a +0 hand axe.
The orc shouts!
An orc comes into view. It is wielding a +0 flail.
The orc priest calls down the wrath of Beogh upon you.
Pain shoots through your body!
You closely miss the orc priest. You block the orc priest's attack.
You barely miss the orc priest.
The orc priest invokes the aid of Beogh against you.
Pain shoots through your body!
You barely miss the orc priest.
The orc priest hits you but does no damage.
You slash the orc!
You kill the orc!
You hit the orc priest.
The orc priest is lightly wounded.
The orc priest casts a cantrip, but nothing happens.
You hit the orc priest.
The orc priest is moderately wounded.
The orc priest calls down the wrath of Beogh upon you.
Beogh smites you!
* * * LOW HITPOINT WARNING * * *
The orc barely misses you. The orc hits you with a +0 flail.
* * * LOW HITPOINT WARNING * * *
The orc priest hits you but does no damage.
You closely miss the orc priest. Your headbutt misses the orc priest.
The orc priest is moderately wounded.
The orc hits you with a +0 flail.
* * * LOW HITPOINT WARNING * * *
The orc priest invokes the aid of Beogh against you.
Pain shoots through your body!
You die...

# # #.#.# ### #.
#.#.# #..
##?##.#># #.#
........ #.#
##.....#####.# .
.^.....<.....####
#
#####oo.......†.#
# #@.########)# #
#..# #)# # #..#
######.###### #..#
#..........## #..#
#.####.##...# #..#
#.#..........
#..###.#.##.##...#
#.....#..##.###.##
#.##.###..........


You could see an orc priest and an orc.

Vanquished Creatures
  A hound (D:3)
  An iguana (D:3)
  2 adders
  2 worms (D:2)
  9 orcs
  7 ball pythons
  4 endoplasms
  A giant cockroach (D:2)
  7 goblins
  5 hobgoblins
  6 jackals
  5 kobolds
  4 quokkas
  6 bats
  2 frilled lizards
  5 rats
67 creatures vanquished.

Notes
Turn   | Place    | Note
-------+----------+-------------------------------------------
     0 | D:1      | GigaChad the Minotaur Fighter began the quest for the Orb.
     0 | D:1      | Reached XP level 1. HP: 19/19 MP: 0/0
   247 | D:1      | Reached skill level 4 in Fighting
   247 | D:1      | Reached XP level 2. HP: 23/27 MP: 1/1
  1113 | D:2      | Reached XP level 3. HP: 32/34 MP: 2/2
  1127 | D:2      | Found a faded altar of an unknown god.
  1139 | D:2      | Reached skill level 5 in Fighting
  1428 | D:2      | Identified the +3 dagger "Wetunah" {vorpal, *Slow Int+3
                  | SInv}
  2018 | D:3      | Reached XP level 4. HP: 42/42 MP: 3/3
  2058 | D:3      | Reached skill level 6 in Fighting
  2525 | D:3      | Reached skill level 1 in Dodging
  2525 | D:3      | Reached XP level 5. HP: 31/50 MP: 4/4
  2678 | D:3      | Found a sparkling altar of Nemelex Xobeh.
  3012 | D:4      | Killed from afar by an orc priest

Illustrated notes

Levels and vault maps discovered:
D:1:      dpeg_arrival_brainrot, layout_loops_ring
D:2:      layout_basic, hellmonk_ecumenical_altar_inner_sanctum,
          minmay_fountain_box, minmay_domino_2, uniq_natasha
D:3:      layout_loops_ring, nemelex_xobeh_ov_fountains_minmay,
          amcnicky_mini_pool_small
D:4:      layout_loops_ring, skrybe_limestone_x

Skill      XL: |  1  2  3  4  5 |
---------------+----------------+-----
Fighting       | 4 5 6 |  6.2
Dodging        | 1 2 |  2.3
Long Blades    | |  2.4
Armour         | |  3.9
Shields        | |  3.7

Action                   |  1- 3 |  4- 6 || total
-------------------------+-------+-------++-------
Melee: Long sword        |    92 |    57 ||   149
       Headbutt          |    16 |     8 ||    24
  Use: Scroll            |     1 |     1 ||     2
Armor: Scale mail        |    62 |    52 ||   114
Dodge: Dodged            |    70 |    37 ||   107
Block: Buckler           |    34 |    12 ||    46
